 Dungeon Crawl Stone Soup version 0.21-a0-444-g29a2fec (webtiles) character file.

213 Laiders the Magician (level 5, -10/28 HPs)
             Began as a Tengu Wizard on Nov 17, 2017.
             Mangled by an ogre
             ... wielding a +0 giant club
              (14 damage)
             ... on level 5 of the Dungeon.
             The game lasted 00:08:58 (3254 turns).

Laiders the Magician (Tengu Wizard)                 Turns: 3254, Time: 00:08:59

Health: -10/28     AC:  3    Str:  8    XL:     5   Next: 90%
Magic:  5/12       EV: 12    Int: 19    God:
Gold:   203        SH:  0    Dex: 12    Spells: 4/12 levels left

rFire    . . .     SeeInvis .   l - +0 hand axe
rCold    . . .     Gourm    .   (no shield)
rNeg     . . .     Faith    .   a - +0 robe
rPois    +         Spirit   .   b - +0 hat
rElec    .         Reflect  .   (no cloak)
rCorr    +         Harm     .   e - +0 pair of gloves
MR       .....                  (boots unavailable)
Stlth    ++........             (no amulet)
HPRegen  0.09/turn              n - ring of poison resistance
MPRegen  0.13/turn              q - ring of resist corrosion

@: very slightly contaminated
A: beak, talons 3, able to fly 1
a: Fly


You were on level 5 of the Dungeon.
You were not hungry.

You visited 1 branch of the dungeon, and saw 5 of its levels.

You collected 203 gold pieces.

Inventory:

Hand Weapons
 l - a +0 hand axe (weapon)
Armour
 a - a +0 robe (worn)
 b - a +0 hat (worn)
 e - a +0 pair of gloves (worn)
Jewellery
 n - a ring of poison resistance (left hand)
 q - a ring of resist corrosion (right hand)
Scrolls
 i - a scroll of enchant armour {unknown}
 j - a scroll of identify
 m - a scroll of enchant weapon {unknown}
 o - a scroll of magic mapping {unknown}
 p - a scroll of recharging
Potions
 f - a potion of heal wounds {unknown}
 g - a potion of flight {unknown}
 k - 2 potions of lignification
 r - a potion of agility {unknown}
Books
 c - a book of Minor Magic

   Spells                             Type                      Level
   a - Magic Dart                     Conjuration                  1
   b - Blink                          Translocation                2
   c - Call Imp                       Summoning                    2
   d - Slow                           Hexes                        2
   e - Conjure Flame                  Conjuration/Fire             3
   f - Mephitic Cloud                 Conjuration/Poison/Air       3
Comestibles
 d - 2 bread rations
 h - 3 meat rations


   Skills:
 - Level 2.1 Dodging
 - Level 2.0 Stealth
 + Level 4.2 Spellcasting
 - Level 4.0 Conjurations
 - Level 1.2 Summonings
 - Level 0.7 Translocations
 + Level 2.9 Air Magic
 - Level 2.1 Poison Magic


You had 4 spell levels left.
You knew the following spells:

 Your Spells              Type           Power        Failure   Level  Hunger
a - Magic Dart            Conj           ###.         2%          1    None
b - Call Imp              Summ           #.......     12%         2    #......
c - Blink                 Tloc           N/A          16%         2    #......
d - Mephitic Cloud        Conj/Pois/Air  ###.....     12%         3    ###....


Dungeon Overview and Level Annotations

Branches:
Dungeon (5/15)
 Temple: D:4-7

Altars:

Annotations:
D:4 theanonym's ghost, amateur HOFi


Innate Abilities, Weirdness & Mutations

You have a beak for a mouth.
You have claws for feet.
You can fly.


Message History

Press: ? - help, Shift-Dir - straight line, f/p - ogre
Aim: an ogre, wielding a giant club (heavily wounded)
The magic dart hits the ogre.
The ogre is severely wounded.
You hear a shout!
The ogre barely misses you.
The centaur shoots an arrow.
The arrow hits you!
The centaur shoots an arrow.
The arrow hits you!
* * * LOW HITPOINT WARNING * * *
You see here an arrow.
Okay, then.
Casting: Magic Dart
Confirm with . or Enter, or press ? or * to list all spells.
Aiming: Magic Dart
Press: ? - help, Shift-Dir - straight line, f/p - ogre
Aim: an ogre, wielding a giant club (severely wounded)
You miscast Magic Dart.
You are very lightly contaminated with residual magic.
Nothing appears to happen.
The ogre hits you with a giant club!
Ouch! That really hurt!
You die...

#........c....
#......5.....
#............
#.........#
#...(.....#
#..(......#
##.###.####
#.O#...#
#.@.<###
.........##
........)#
.........#
.........#
##########


You could see an ogre.

Vanquished Creatures
  A scorpion (D:4)
  A howler monkey (D:4)
  A jelly (D:4)
  A worker ant (D:4)
  3 adders
  A worm (D:2)
  A dart slug (D:2)
  A leopard gecko (D:2)
  An orc (D:3)
  2 bats
  2 giant cockroaches
  2 hobgoblins
  4 kobolds
  4 quokkas
  5 frilled lizards
  2 goblins (D:2)
  13 rats
45 creatures vanquished.

Notes
Turn   | Place    | Note
-------+----------+-------------------------------------------
     0 | D:1      | Laiders the Tengu Wizard began the quest for the Orb.
     0 | D:1      | Reached XP level 1. HP: 10/10 MP: 5/5
   564 | D:1      | Reached XP level 2. HP: 15/15 MP: 5/7
   570 | D:1      | Learned a level 2 spell: Call Imp
   573 | D:1      | Learned a level 2 spell: Blink
  1295 | D:2      | Reached XP level 3. HP: 15/19 MP: 1/8
  1459 | D:2      | Learned a level 3 spell: Mephitic Cloud
  2449 | D:3      | Reached XP level 4. HP: 14/24 MP: 8/10
  2949 | D:4      | Reached skill level 1 in Air Magic
  2949 | D:4      | Reached skill level 1 in Poison Magic
  2953 | D:4      | Noticed theanonym's ghost (amateur HOFi)
  3025 | D:4      | Gained mutation: You can fly. [Tengu growth]
  3025 | D:4      | Reached XP level 5. HP: 28/28 MP: 3/12
  3238 | D:5      | Entered Level 5 of the Dungeon
  3242 | D:5      | Noticed an ogre
  3246 | D:5      | Noticed a centaur
  3254 | D:5      | Mangled by an ogre

Vault maps used:
D:1:      dpeg_arrival_ratfight
D:4:      first_bread

Skill      XL: |  1  2  3  4  5 |
---------------+----------------+-----
Conjurations   | 2 3 4 |  4.0
Air Magic      | 2 |  2.9
Poison Magic   | 1 2 |  2.1
Spellcasting   | 4 |  4.2
Dodging        | |  2.1
Stealth        | |  2.0
Summonings     | |  1.2
Translocations | |  0.7

Action                   |  1- 3 |  4- 6 || total
-------------------------+-------+-------++-------
Melee: Hand axe          |    25 |    12 ||    37
       Club              |     7 |       ||     7
       Kick              |     2 |     1 ||     3
       Peck              |     2 |     1 ||     3
 Cast: Magic Dart        |    77 |    45 ||   122
  Use: Scroll            |     4 |     1 ||     5
  Eat: Chunk             |     4 |     3 ||     7
Armor: Robe              |    15 |     1 ||    16
Dodge: Dodged            |    54 |    19 ||    73

Table legend:
 A = Spawn XP
 B = Non-spawn XP
 C = Spawn XP percentage of total XP
 D = Spawn monster count
 E = Non-spawn monster count
 F = Spawn count percentage of total count
 G = Total turns spent on level
                    A         B        C        D         E        F      G
               +---------+---------+-------+---------+---------+-------+---------
         Total |       0 |     305 |   0.0 |       0 |      45 |   0.0 |  3254
               +---------+---------+-------+---------+---------+-------+---------
           D:1 |       0 |      17 |   0.0 |       0 |      13 |   0.0 |  1062
           D:2 |       0 |      45 |   0.0 |       0 |      17 |   0.0 |  1004
           D:3 |       0 |      36 |   0.0 |       0 |       8 |   0.0 |   848
           D:4 |       0 |     207 |   0.0 |       0 |       7 |   0.0 |   324
               +---------+---------+-------+---------+---------+-------+---------
